Map: 永恒帝国-天梯版

Players

夜蝶蝶蝶蝶蝶蝶蝶 (Firefly)

  • Race: Protoss Protoss

TIME (Oliveira) - Winner!

  • Race: Terran Terran
  • League: Master

Event: DreamHack SC2 Masters 2020 Fall

VOD

Have the link to the VOD?

Description

Time

  • Played on: Sept. 2, 2020, 9:13 a.m.
  • Length: 16:29

All games in this series

Show
View Real Time Build Order
Export as new Build Order

夜蝶蝶蝶蝶蝶蝶蝶 Protoss 

Build Orders: 1 Gate Expand, Phoenix Opening, Colossus Rush 

Get SALT Encoding   

  12  0:00  Probe  
  13  0:12  Probe  
  14  0:17  Pylon  
  14  0:24  Probe  
  15  0:35  Gateway  
  15  0:37  Probe (Chrono Boost)  
  16  0:46  Probe (Chrono Boost), Assimilator  
  17  0:51  Probe (Chrono Boost)  
  18  1:03  Probe  
  19  1:15  Probe  
  20  1:23  Cybernetics Core  
  20  1:35  Nexus  
  20  1:40  Pylon  
  20  1:43  Probe  
  20  1:47  Assimilator  
  21  1:55  Probe  
  21  1:56  Adept (Chrono Boost)  
  24  2:07  Probe  
  25  2:19  Probe, Adept  
  28  2:31  Probe, Stargate  
  29  2:41  Warp Gate  
  29  2:43  Probe  
  30  2:49  Adept  
  30  2:50  Probe  
  33  2:55  Probe  
  34  3:02  Probe  
  35  3:07  Probe  
  36  3:14  Probe  
  36  3:16  Phoenix (Chrono Boost)  
  36  3:17  Gateway  
  36  3:19  Gateway  
  40  3:20  Probe  
  40  3:26  Probe  
  41  3:32  Probe, Phoenix (Chrono Boost)  
  44  3:36  Pylon  
  44  3:40  Probe  
  45  3:44  Probe  
  46  3:54  Probe, Phoenix (Chrono Boost)  
  49  3:58  Probe  
  49  4:00  Assimilator  
  50  4:03  Assimilator  
  50  4:05  Robotics Facility  
  50  4:06  Probe  
  51  4:10  Probe  
  52  4:18  Probe  
  52  4:22  Probe  
  54  4:24  Pylon  
  54  4:25  Pylon  
  54  4:35  Pylon  
  54  4:42  Probe x2, Phoenix  
  58  4:54  Probe  
  58  4:57  Robotics Bay, Observer  
  60  5:01  Probe  
  60  5:02  Nexus  
  60  5:03  Pylon  
  61  5:08  Phoenix (Chrono Boost)  
  61  5:11  Probe  
  64  5:21  Immortal (Chrono Boost)  
  64  5:22  Probe  
  64  5:24  Phoenix (Chrono Boost)  
  64  5:26  Probe  
  68  5:34  Probe  
  69  5:38  Probe  
  70  5:45  Forge  
  70  5:46  Probe  
  71  5:50  Probe  
  71  5:51  Colossus (Chrono Boost)  
  71  5:55  Phoenix  
  80  5:59  Shield Battery  
  80  6:02  Adept x2  
  85  6:05  Pylon  
  85  6:06  Sentry  
  82  6:33  Zealot x3, Colossus (Chrono Boost)  
  90  6:43  Probe (Chrono Boost)  
  90  6:44  Protoss Ground Weapons Level 1 (Chrono Boost)  
  90  6:45  Probe (Chrono Boost)  
  93  6:48  Probe (Chrono Boost)  
  93  6:49  Twilight Council  
  93  6:54  Probe (Chrono Boost), Shield Battery  
  94  6:55  Probe (Chrono Boost)  
  94  6:56  Photon Cannon  
  94  6:57  Pylon  
  94  6:58  Probe (Chrono Boost)  
  96  7:01  Zealot x3  
  96  7:02  Probe  
  96  7:04  Probe  
  96  7:07  Pylon  
  104  7:08  Pylon  
  104  7:11  Probe  
  104  7:12  Extended Thermal Lance  
  105  7:16  Charge  
  105  7:17  Pylon  
  105  7:21  Colossus (Chrono Boost)  
  111  7:29  Gateway  
  111  7:31  Sentry  
  111  7:32  Sentry, Gateway  
  111  7:35  Gateway  
  115  7:39  Gateway  
  115  7:40  Gateway  
  115  7:44  Pylon  
  115  7:49  Pylon  
  115  7:54  Nexus  
  115  7:57  Pylon  
  115  8:06  Sentry  
  115  8:07  Sentry, Zealot  
  115  8:08  Warp Prism (Chrono Boost)  
  123  8:14  Probe x3  
  123  8:19  Gateway  
  126  8:25  Zealot  
  128  8:30  Zealot x3  
  128  8:31  Zealot x2  
  138  8:37  Zealot  
  138  8:38  Zealot  
  142  8:43  Pylon  
  142  8:45  Pylon  
  142  8:53  Photon Cannon  
  142  8:55  Shield Battery  
  142  8:57  Dark Shrine, Stalker x4  
  142  9:02  Stalker x2  
  154  9:13  Stalker x2  
  158  9:18  Zealot  
  158  9:20  Pylon  
  158  9:21  Stalker x2  
  158  9:22  Pylon  
  164  9:34  Zealot x4  
  151  9:45  Zealot  
  151  9:46  Zealot x4  
  151  9:47  Pylon  
  123  9:53  Protoss Ground Weapons Level 2 (Chrono Boost)  
  123  9:55  Stalker x4  
  105  10:07  Colossus (Chrono Boost)  
  105  10:13  Blink (Chrono Boost)  
  111  10:15  Probe x3  
  111  10:17  Probe  
  111  10:21  Stalker x4, Zealot x2  
  117  10:27  Probe, Zealot  
  130  10:29  Sentry  
  130  10:30  Zealot  
  134  10:45  Shadow Stride (Chrono Boost)  
  134  10:46  Probe  
  134  10:47  Probe x3  
  134  10:49  Assimilator  
  138  10:50  Assimilator  
  138  10:59  Robotics Facility  
  138  11:01  Zealot x8  
  130  11:18  Stalker  
  130  11:23  Zealot  
  130  11:24  Zealot x7  
  124  11:34  Disruptor (Chrono Boost)  
  127  11:41  Gravitic Drive  
  127  11:42  Stalker  
  127  11:46  Stalker x2  
  127  11:47  Stalker x2  
  135  11:52  Probe x3  
  135  11:54  Zealot x4  
  144  11:56  Dark Templar x2  
  144  11:57  Zealot x2  
  146  12:04  Assimilator  
  146  12:05  Warp Prism (Chrono Boost), Assimilator  
  146  12:13  Colossus (Chrono Boost)  
  152  12:25  Zealot x4  
  152  12:26  Zealot x3  
  164  12:32  Protoss Ground Armor Level 1  
  164  12:34  Disruptor  
  164  12:35  Forge  
  165  12:53  Zealot x3, Dark Templar x2  
  165  12:58  Zealot x9  
  171  13:03  Pylon  
  177  13:05  Disruptor  
  176  13:15  Nexus  
  133  13:26  Dark Templar x7  
  125  13:29  Zealot x2  
  129  13:37  Probe x3  
  132  13:43  Disruptor x2  
  132  13:44  Pylon  
  138  14:04  Stalker x7, Zealot x2  
  98  14:32  Dark Templar x4  
  98  14:33  Dark Templar  
  98  14:34  Zealot x4  
  116  14:38  Probe x2  
  116  14:39  Probe  
  111  14:50  Disruptor x2  
  111  14:59  Zealot x4  
  117  15:05  Dark Templar  
  119  15:07  Dark Templar  
  119  15:08  Zealot x3  
  127  15:26  Disruptor  
  127  15:27  Zealot x2  
  106  15:38  Zealot x2  
  96  15:43  Stalker x3, Zealot x3  
  96  15:44  Zealot  
Show
View Real Time Build Order
Export as new Build Order

TIME Terran - Winner!

Build Orders: Reaper Expand 

Get SALT Encoding   

  12  0:00  SCV  
  13  0:12  SCV  
  14  0:17  Supply Depot  
  14  0:24  SCV  
  15  0:39  SCV  
  15  0:40  Barracks  
  16  0:44  Refinery  
  16  0:51  SCV  
  17  1:03  SCV  
  18  1:15  SCV  
  19  1:26  Reaper  
  19  1:27  Orbital Command  
  20  1:41  Command Center  
  20  1:48  Supply Depot  
  20  1:53  SCV  
  21  1:58  Marine  
  22  2:05  SCV  
  22  2:07  Factory  
  23  2:13  Refinery  
  23  2:17  Bunker  
  23  2:23  SCV  
  23  2:26  Barracks Reactor  
  24  2:35  SCV  
  25  2:47  SCV  
  26  2:55  Widow Mine, Starport  
  26  2:57  Orbital Command  
  28  2:59  SCV  
  28  3:02  Marine x2  
  28  3:03  Orbital Command  
  31  3:11  SCV  
  32  3:16  Widow Mine  
  34  3:20  Marine x2  
  34  3:24  SCV  
  37  3:30  SCV  
  37  3:32  Supply Depot  
  37  3:33  Medivac  
  40  3:38  Marine x2, Factory Tech Lab  
  40  3:39  SCV  
  43  3:43  Barracks  
  43  3:45  SCV  
  44  3:51  SCV  
  44  3:54  Supply Depot  
  45  3:56  Siege Tank  
  45  3:58  SCV  
  45  4:00  Marine  
  50  4:03  SCV  
  50  4:08  Starport Tech Lab  
  50  4:10  SCV  
  50  4:16  SCV, Barracks  
  52  4:18  Supply Depot  
  52  4:20  Marine x2  
  52  4:23  SCV  
  55  4:29  Engineering Bay  
  55  4:32  Cyclone  
  55  4:33  SCV  
  55  4:37  Refinery  
  59  4:42  SCV  
  59  4:45  Supply Depot  
  60  4:46  Stimpack  
  60  4:48  Marine  
  60  4:49  SCV  
  61  4:53  Starport Reactor  
  61  4:55  Terran Infantry Weapons Level 1  
  61  4:56  Supply Depot, Marine  
  61  4:58  SCV  
  63  5:01  SCV  
  63  5:04  Marine, Barracks Tech Lab  
  65  5:08  Marine  
  65  5:10  SCV  
  65  5:11  Supply Depot  
  65  5:13  SCV  
  68  5:14  Marine  
  68  5:20  Supply Depot  
  68  5:22  Marine  
  68  5:23  Marine  
  68  5:24  Combat Shield  
  68  5:25  SCV  
  71  5:28  SCV  
  71  5:29  Marine  
  71  5:30  Refinery  
  71  5:31  Medivac  
  73  5:37  SCV  
  73  5:39  Medivac  
  73  5:42  Marine  
  76  5:44  Marauder x2  
  76  5:46  Supply Depot  
  76  5:48  SCV  
  76  5:49  Marine  
  83  6:00  Marine  
  83  6:04  SCV  
  85  6:05  Marauder, Marine  
  85  6:06  SCV  
  85  6:10  Supply Depot  
  85  6:11  Marine  
  90  6:18  SCV, Marine  
  86  6:23  Command Center, Marauder  
  87  6:26  Marine  
  85  6:36  Marine x2  
  85  6:39  Siege Tank  
  83  6:40  SCV x2  
  83  6:44  Marauder  
  85  6:47  Viking  
  85  6:49  Barracks x2  
  85  6:51  Viking  
  85  6:52  SCV  
  85  6:53  Marine  
  91  6:55  SCV  
  92  7:01  Missile Turret  
  92  7:03  Concussive Shells, Marine  
  92  7:04  SCV  
  92  7:07  SCV, Marauder  
  97  7:10  Marine  
  97  7:13  Siege Tank  
  101  7:16  SCV  
  101  7:19  Viking  
  101  7:21  SCV  
  105  7:24  Viking  
  105  7:26  Marine  
  105  7:28  Marauder  
  110  7:32  Marauder, Marine  
  110  7:34  SCV  
  114  7:38  Ghost Academy  
  114  7:40  Orbital Command  
  114  7:43  Barracks Reactor, Barracks Tech Lab  
  114  7:44  SCV, Marine  
  114  7:46  SCV  
  114  7:49  Siege Tank  
  120  7:54  Marine  
  120  7:56  SCV  
  120  7:58  Viking, SCV  
  127  8:00  Supply Depot  
  127  8:03  Viking  
  130  8:06  SCV  
  130  8:08  SCV  
  130  8:10  Ghost x2  
  133  8:15  Supply Depot x2  
  133  8:18  Ghost, Marine  
  133  8:19  SCV x2  
  138  8:20  SCV, Marine x2  
  138  8:21  Marine  
  142  8:28  Armory, Engineering Bay  
  142  8:36  Marine  
  142  8:38  Marine x2  
  142  8:40  Marauder  
  147  8:41  Refinery  
  147  8:42  Supply Depot, Refinery  
  147  8:43  Siege Tank  
  147  8:45  SCV, Marine x2  
  152  8:49  Marauder  
  152  8:54  Terran Infantry Armor Level 1  
  152  8:55  Supply Depot  
  154  9:06  Marauder x2  
  154  9:07  SCV  
  154  9:08  SCV  
  160  9:12  Marine  
  160  9:13  Marine x2  
  160  9:14  Marauder  
  164  9:17  Terran Infantry Weapons Level 2  
  164  9:18  Siege Tank  
  167  9:27  Marine  
  167  9:28  Marauder  
  170  9:32  Marine x2  
  170  9:33  Marauder  
  170  9:37  Command Center  
  174  9:45  Marine x2  
  157  9:46  Medivac, Marauder  
  137  9:53  Marine x2  
  137  9:54  Marauder  
  110  10:03  Marine x2  
  110  10:06  Liberator, Siege Tank  
  111  10:07  Marauder  
  111  10:08  Marine  
  111  10:09  SCV  
  111  10:10  Enhanced Shockwaves  
  115  10:15  Marauder, Marine x2  
  115  10:16  Sensor Tower  
  121  10:21  Marauder  
  121  10:22  Barracks  
  121  10:23  Barracks x2  
  121  10:24  Marine  
  121  10:28  Marine  
  123  10:30  SCV  
  123  10:35  Ghost, Missile Turret  
  126  10:36  Ghost  
  126  10:38  Marine  
  126  10:41  SCV  
  130  10:43  Ghost  
  130  10:44  Marine x2  
  130  10:48  Siege Tank  
  137  10:51  SCV  
  137  10:55  Marine  
  141  11:04  Marauder  
  131  11:14  Marauder, Marine x2  
  131  11:15  Barracks Tech Lab x2  
  131  11:16  Barracks Reactor  
  131  11:18  Marauder, Marine x2  
  122  11:21  Siege Tank  
  122  11:25  Viking  
  116  11:28  Marine  
  116  11:32  Marine x2  
  105  11:35  SCV  
  105  11:36  Marauder  
  105  11:37  Terran Infantry Weapons Level 3, Terran Infantry Armor Level 2  
  108  11:40  Marine x2  
  110  11:48  Marauder  
  110  11:52  Marauder, Marine  
  110  11:54  Marine, Siege Tank  
  118  11:55  Marine  
  118  11:59  Marine x2  
  122  12:06  Viking, Marauder  
  123  12:08  Viking  
  123  12:11  Marauder  
  123  12:15  Marauder  
  129  12:16  Marine x3  
  132  12:27  Marauder x2  
  132  12:29  Marauder, Marine  
  138  12:32  Marine, Siege Tank  
  138  12:36  Medivac  
  144  12:38  Medivac  
  144  12:40  Marauder x2  
  150  12:44  Marine  
  149  12:56  Marine x2  
  149  12:57  Marauder x2  
  153  12:59  SCV  
  153  13:01  Marine  
  158  13:05  Marine, Siege Tank  
  158  13:06  Marine  
  158  13:08  Marauder, Marine  
  158  13:12  Missile Turret  
  161  13:13  Missile Turret  
  161  13:17  Planetary Fortress  
  132  13:23  Marine x3  
  132  13:24  Marauder x2  
  132  13:26  Medivac x2  
  138  13:30  Missile Turret  
  138  13:33  SCV x2  
  140  13:36  Ghost  
  140  13:37  Ghost  
  144  13:47  Ghost  
  145  13:49  SCV  
  145  13:52  SCV, Missile Turret  
  147  13:58  Siege Tank  
  147  14:00  SCV  
  138  14:17  Marauder  
  138  14:20  SCV  
  139  14:29  Marine x2  
  139  14:30  Medivac, Marauder  
  117  14:32  Marauder x3  
  117  14:35  Marine x2  
  117  14:36  Marine  
  124  14:47  Marine x3  
  124  14:48  Marauder  
  124  14:51  Marine  
  130  14:53  Marine  
  130  14:54  Siege Tank  
  130  14:59  Missile Turret  
  134  15:01  SCV  
  134  15:04  Marauder, Marine  
  134  15:06  Medivac  
  135  15:16  Medivac  
  135  15:21  Marauder, Marine x3  
  141  15:30  Marine  
  141  15:36  Medivac  
  141  15:37  SCV  
  141  15:41  Marine x2  
  148  15:43  Siege Tank  
  136  16:01  SCV  
  137  16:05  Marauder x4  
  137  16:07  Marine  

Tags
 
Add a new tag
Caveats
  • Supply blocks, unpowered buildings, or Contaminate may cause inaccurate times.
  • Supply counts are checked every 10 seconds.